 Dungeon Sprint DCSS version 0.19.0-9-gfd783f2 (webtiles) character file.

1207 LORDOFBUTT the Cleaver (level 8, -2/96 HPs)
             Began as a Minotaur Berserker on Nov 7, 2016.
             Was an Elder of Trog.
             Killed from afar by an electric eel (7 damage)
             ... with a bolt of electricity
             ... in the Dungeon (Sprint II: "The Violet Keep of Menkaure").
             The game lasted 00:01:23 (548 turns).

LORDOFBUTT the Cleaver (Minotaur Berserker)          Turns: 548, Time: 00:01:25

Health: -2/96      AC:  2    Str: 28    XL:     8   Next: 21%
Magic:  7/7        EV: 19    Int:  4    God:    Trog [****..]
Gold:   972        SH:  0    Dex: 11    Spells: 0 memorised, 7 levels left

rFire  . . .     SeeInvis .     a - +0 hand axe
rCold  . . .     Gourm    .     b - +0 animal skin
rNeg   . . .     Faith    .     (no shield)
rPois  .         Spirit   .     (helmet restricted)
rElec  .         Reflect  .     (no cloak)
rCorr  .         Harm     .     (no gloves)
MR     .....     NoTele   +     (no boots)
Stlth  ..........               (no amulet)
                                (no ring)
                                (no ring)

@: berserking, very quick
A: retaliatory headbutt, horns 2
a: Berserk, Trog's Hand, Brothers in Arms, Burn Spellbooks, Renounce Religion


You were in the Dungeon.
You worshipped Trog.
Trog was greatly pleased with you.
You were not hungry.

You visited 1 branch You collected 972 gold pieces.

Inventory:

Hand Weapons
 a - a +0 hand axe (weapon)
Armour
 b - a +0 animal skin (worn)
Scrolls
 i - a scroll of blinking
Potions
 d - a potion of curing
 e - a potion of heal wounds
 f - a potion of haste
 g - 2 potions of magic
 h - a potion of berserk rage


   Skills:
 - Level 3.6 Fighting
 - Level 14.5 Axes
 - Level 2.4 Armour
 * Level 14.1 Dodging


You had 7 spell levels left.
You didn't know any spells.

Dungeon Overview and Level Annotations

Branches:
Dungeon (1/1)

Altars:

Shops:
D :!!=:(?!%:[

Annotations:
D Kirke


Innate Abilities, Weirdness & Mutations

You reflexively headbutt those who attack you in melee.
You have a pair of horns on your head.


Message History

You see here a trident.
You close the door.
A red film seems to cover your vision as you go berserk!
You feel yourself moving faster!
You feel mighty!
You feel a lot more hungry.
The yaktaur captain wields an arbalest.
The yaktaur captain shoots a bolt.
The bolt closely misses you.
You feel a strong urge to attack something.
An ice dragon and 2 electric eels come into view.
The ice dragon roars deafeningly!
The electric eel shoots out a bolt of lightning at you!
The bolt of electricity hits the electric eel.
The electric eel completely resists.
The bolt of electricity hits you!
* * * LOW HITPOINT WARNING * * *
The electric eel shoots out a bolt of lightning at you!
The bolt of electricity hits the electric eel.
The electric eel completely resists.
The bolt of electricity hits you!
* * * LOW HITPOINT WARNING * * *
The electric eel shoots out a bolt of lightning at you!
The bolt of electricity hits you!
You die...

§≈§§≈≈≈##
≈§;§§≈§§≈≈≈# K
###D§;;;≈≈≈≈
c@.≈##;;;;;≈
########@≈#+§§#+++##
#######≈≈≈...§.....#
......#≈≈≈≈.##'##..#
.....∩#≈≈≈≈##@.c##
∩...∩.#≈≈≈≈#..#@.#
.∩.∩.∩#≈≈####.(.####
∩.∩.∩.#≈##.###+###.##
.∩.∩..#≈##..##.##.#.#
..⌠...+≈'.##'.<.'###+
......#≈##..##.##.#.#
▓▓▓▓###≈##.###'###.##
{######≈≈####÷÷.####
$# ##≈ #..#..#


You could see Kirke, an ice dragon, a yaktaur captain and 8 electric eels.

Vanquished Creatures
  A siren (D)
  2 hippogriffs (D)
  Menkaure (D)
  4 necrophages (D)
  4 worker ants (D)
12 creatures vanquished.

Vanquished Creatures (others)
  A crocodile (D)
1 creature vanquished.

Grand Total: 13 creatures vanquished

Notes
Turn   | Place    | Note
-------+----------+-------------------------------------------
     0 | D        | LORDOFBUTT the Minotaur Berserker began the quest for the Orb.
     0 | D        | Reached XP level 1. HP: 19/19 MP: 0/0
     1 | D        | Noticed a worker ant
     1 | D        | Noticed a worker ant
     1 | D        | Noticed a worker ant
     1 | D        | Noticed a worker ant
     5 | D        | Killed a worker ant
     5 | D        | Reached XP level 2. HP: 26/26 MP: 1/1
     7 | D        | Reached XP level 3. HP: 31/31 MP: 2/2
    10 | D        | Reached ** piety under Trog
    10 | D        | Reached skill level 10 in Axes
    10 | D        | Reached XP level 4. HP: 39/39 MP: 3/3
    42 | D        | Killed a crocodile
   125 | D        | Noticed a hippogriff
   125 | D        | Noticed a hippogriff
   131 | D        | Killed a hippogriff
   131 | D        | Reached XP level 5. HP: 37/45 MP: 4/4
   131 | D        | Reached XP level 6. HP: 42/51 MP: 5/5
   134 | D        | Killed a hippogriff
   265 | D        | Noticed a siren
   276 | D        | Killed a siren
   276 | D        | Reached *** piety under Trog
   276 | D        | Reached XP level 7. HP: 57/57 MP: 6/6
   303 | D        | Reached **** piety under Trog
   303 | D        | Reached XP level 8. HP: 64/64 MP: 7/7
   455 | D        | Found Wetiun's Magic Scroll Shop.
   455 | D        | Found Puczist's Food Shop.
   455 | D        | Found Pifiown's Book Boutique.
   455 | D        | Found Xenibru's Antique Armour Shop.
   455 | D        | Found Ididwieqidd's Antique Weapon Boutique.
   455 | D        | Found Tebavaff's Distillery.
   456 | D        | Found Boneomp's Jewellery Boutique.
   456 | D        | Found Yxtiefak's Distillery.
   456 | D        | Found Wathorel's Book Boutique.
   457 | D        | Found Coschis's Distillery.
   457 | D        | Found Wamat's Book Boutique.
   458 | D        | Noticed Menkaure
   467 | D        | Killed Menkaure
   532 | D        | Noticed Kirke
   532 | D        | Noticed a yaktaur captain
   532 | D        | Noticed a kobold demonologist
   548 | D        | Noticed an ice dragon
   548 | D        | Killed from afar by an electric eel

Skill      XL: |  1  2  3  4  5  6  7  8 |
---------------+-------------------------+-----
Axes           | 7 9 10 14 | 14.5
Dodging        | 12 13 14 | 14.1
Fighting       | |  3.6
Armour         | |  2.4

Action                   |  1- 3 |  4- 6 |  7- 9 || total
-------------------------+-------+-------+-------++-------
Melee: Hand axe          |     6 |    18 |    12 ||    36
       Headbutt          |     3 |     5 |     1 ||     9
Invok: Berserk           |     1 |     1 |     3 ||     5
  Eat: Bread ration      |       |       |     1 ||     1
Dodge: Dodged            |     3 |     4 |     8 ||    15
